 Dungeon Crawl Stone Soup version 0.27.1-33-g824d729ab1 (webtiles) character file.

Game seed: 15142737255040073029

25 Thatpatchoflichen the Ducker (level 2, -2/21 HPs)
             Began as a Felid Berserker on Dec 13, 2021.
             Was a Follower of Trog.
             Slain by Sigmund (11 damage)
             ... on level 2 of the Dungeon.
             The game lasted 00:02:39 (1231 turns).

Thatpatchoflichen the Ducker (Felid Berserker)      Turns: 1231, Time: 00:02:39

Health: -2/21      AC:  1    Str: 13    XL:     2   Next: 86%
Magic:  3/3        EV: 18    Int:  8    God:    Trog [*.....]
Gold:   42         SH:  0    Dex: 15    Spells: 1/1 levels left
                                        Lives:  0   Deaths: 0

rFire    . . .     SeeInvis +     - Unarmed
rCold    . . .     Faith    .   (shield unavailable)
rNeg     . . .     Spirit   .   (armour unavailable)
rPois    .         Reflect  .   (helmet unavailable)
rElec    .         Harm     .   (cloak unavailable)
rCorr    .         Rampage  .   (gloves unavailable)
Will     .....                  (boots unavailable)
Stlth    ..........             b - amulet of regeneration
HPRegen  1.07/turn              (no ring)
MPRegen  0.08/turn              (no ring)

@: confused, berserking (expiring), very quick
A: very small, claws 1, fangs 3, see invisible, speed 1, shaggy fur 1, stealthy
paws, no weapons or thrown items, no armour, multi-lived
a: Renounce Religion, Berserk


You were on level 2 of the Dungeon.
You worshipped Trog.
Trog was aware of your devotion.
You visited 1 branch of the dungeon, and saw 2 of its levels.

You collected 42 gold pieces.

Inventory:

Jewellery
 b - an amulet of regeneration (around neck)
Scrolls
 c - a scroll of identify {unknown}
Potions
 a - a potion of heal wounds


   Skills:
 * Level 3.6 Fighting
 + Level 4.4 Dodging
 + Level 3.3 Unarmed Combat


You had one spell level left.
You didn't know any spells.
Your spell library was empty.

Dungeon Overview and Level Annotations

Branches:
Dungeon (2/15)

Altars:

Shops:
D:1 [

Annotations:
D:2 Sigmund


Innate Abilities, Weirdness & Mutations

You have sharp claws.
You have razor-sharp teeth.
You have supernaturally acute eyesight. (SInv)
You cover ground quickly. (Speed+)
You are covered in fur. (AC +1)
Your paws help you pounce on unaware monsters.
You are incapable of wielding weapons or throwing items.
You cannot wear armour.
You gain extra lives every three experience levels.


Message History

Okay, then.
You feel sick. The bat completely misses you.
You feel sick. The bat misses you. The bat closely misses you.
You feel sick. The bat hits you.
You bump into the rock wall.
You feel sick. The bat closely misses you. The bat hits you but does no damage.
Sigmund casts a spell at you. The puff of flame misses you.
You scratch the bat.
You kill the bat!
Trog accepts your kill.
You feel sick. The bat completely misses you.
You feel sick.
You're too confused to move!
You feel less confused.
You feel sick.
You are no longer poisoned.
The bat closely misses you. Sigmund casts a spell at you.
The magic dart hits you.
* * * LOW HITPOINT WARNING * * *
A red film seems to cover your vision as you go berserk!
You feel yourself moving faster!
You feel mighty! The bat barely misses you. The bat hits you.
* * * LOW HITPOINT WARNING * * *
Sigmund points at you and mumbles some strange words.
You are confused.
You feel a strong urge to attack something.
You're too confused to move!
The bat misses you.
Sigmund mumbles some strange words.
Sigmund flickers and vanishes for a moment.
You feel your anger nearly subside. The bat closely misses you.
The bat misses you.
You miss the bat. Sigmund misses you. The bat misses you.
You miss the bat. Your claw misses the bat. Your bite misses the bat.
The bat barely misses you.
You bump into the rock wall.
The bat hits you. The bat closely misses you.
Sigmund hits you from afar with a +1 scythe of venom!
Ouch! That really hurt!
You die...

#.....# .# .....# #
#. .... #. #. #..#
#.## #.###..#
....##.#....##
#..[......#...####.#
#..#.##.....@b@....#
#.....##..#...######
#..<......##
#.###.##.## ..
#.##.# #. ..#... #
####...# #...#


You could see Sigmund (strong, invisible) and a bat.

Vanquished Creatures
  A dart slug (D:1)
  2 ball pythons (D:1)
  An endoplasm (D:1)
  2 giant cockroaches (D:1)
  3 goblins (D:1)
  A hobgoblin (D:1)
  5 kobolds (D:1)
  3 quokkas (D:1)
  2 bats
20 creatures vanquished.

Notes
Turn   | Place    | Note
-------+----------+-------------------------------------------
     0 | D:1      | Thatpatchoflichen the Felid Berserker began the quest for
                  | the Orb.
     0 | D:1      | Reached XP level 1. HP: 10/10 MP: 2/2
   135 | D:1      | Found Yzirchuex's Armour Shoppe.
   319 | D:1      | Reached XP level 2. HP: 14/14 MP: 3/3
   479 | D:1      | Found a faded altar of an unknown god.
  1199 | D:2      | Noticed Sigmund
  1231 | D:2      | Slain by Sigmund

Illustrated notes

Levels and vault maps discovered:
D:1:      sevenhm_arrival_forest_fort_large_2, layout_basic,
          shapermc_ecumenical_altar_mp_urbaneastern, serial_shops,
          nicolae_shop_waterfront
D:2:      layout_loops_cross, st_stairs_8, chequers_serial_rivers_micro_b,
          uniq_sigmund, uniq_terence

Action                   || total
-------------------------++-------
Melee: Unarmed           ||    60
       Bite              ||     6
Invok: Berserk           ||     1
  Use: Potion            ||     1
 Stab: Sleeping          ||     3
Armor: Skin              ||     5
Dodge: Dodged            ||    78
